 Dungeon Crawl Stone Soup version 0.30-a0-385-gfebfb9b408 (webtiles) character file.

Game seed: 9240394394462344936

5379 Midn8 the Grappler (level 9, -8/62 (69) HPs)
             Began as a Demonspawn Brigand on Dec 3, 2022.
             Was a Priest of Ru.
             Killed from afar by Erica (24 damage)
             ... with a bolt of poison
             ... on level 8 of the Dungeon.
             The game lasted 00:21:12 (8843 turns).

Midn8 the Grappler (Demonspawn Brigand)             Turns: 8843, Time: 00:21:12

HP:   -8/62 (69)    AC: 17    Str: 22    XL:     9   Next: 39%
MP:   18/18         EV:  6    Int: 13    God:    Ru [***...]
Gold: 372           SH: 15    Dex: 20    Spells: 8/8 levels left

rFire   + . .      SeeInvis .      - Unarmed
rCold   . . .      Faith    .    t - +4 kite shield of Indestructible Fun {rF+ MP+9}
rNeg    . . .      Spirit   .    R - +0 chain mail
rPois   .          Reflect  .    z - +0 helmet
rElec   .          Harm     .    c - +0 cloak
rCorr   .          Rampage  .    N - +1 pair of gloves
Will    .....                    (no boots)
Stlth   ..........               o - amulet of magic regeneration
HPRegen 0.30/turn                h - +6 ring of strength
MPRegen 0.56/turn                O - +6 ring of dexterity

@: lethally poisoned (-8 -> -23), exhausted, slowed, heavily drained, very slow
A: hooves 2, yellow scales 2, demonic guardian 1, foul stench 1, no conjurations
magic, no fire magic, no hexes magic, inexperienced 1
a: Renounce Religion, Draw Out Power


You were on level 8 of the Dungeon.
You worshipped Ru.
Ru was most pleased with you.
You visited 2 branches of the dungeon, and saw 9 of its levels.
You also visited: Ossuary.

You collected 431 gold pieces.
You spent 59 gold pieces at shops.

Inventory:

Hand Weapons
 a - a +2 dagger
 p - a +3 short sword
Missiles
 d - 20 poisoned darts (quivered)
 k - 53 stones
 P - 3 curare-tipped darts
 Q - a throwing net
Armour
 c - a +0 cloak (worn)
 t - the +4 kite shield of Indestructible Fun (worn) {rF+ MP+9}
   (You acquired it on level 6 of the Dungeon)

   rF:        It protects you from fire.
   MP:        It affects your magic capacity (+9).
 z - a +0 helmet (worn)
 N - a +1 pair of gloves (worn)
 R - a +0 chain mail (worn)
Jewellery
 h - a +6 ring of strength (left hand)
 o - an amulet of magic regeneration (around neck)
 u - a ring of wizardry
 O - a +6 ring of dexterity (right hand)
Wands
 b - a wand of mindburst (23)
 e - a wand of polymorph (13)
 v - a wand of acid (6)
 w - a wand of roots (18)
Scrolls
 g - 4 scrolls of torment
 i - 7 scrolls of identify
 m - 2 scrolls of fear
 C - a scroll of magic mapping
 G - 2 scrolls of fog
 H - a scroll of enchant armour {unknown}
 I - a scroll of teleportation
 J - a scroll of poison
 M - a scroll of amnesia
Potions
 j - 5 potions of magic
 l - 2 potions of attraction
 q - 4 potions of curing
 r - a potion of lignification
 s - 3 potions of cancellation
 x - 3 potions of degeneration {unknown}
 B - 2 potions of resistance
 D - 2 potions of haste {unknown}
 E - 2 potions of invisibility {unknown}
 F - a potion of might {unknown}
 K - a potion of heal wounds {unknown}
 L - a potion of brilliance {unknown}


   Skills:
 - Level 6.0 Fighting
 - Level 1.7 Short Blades
 - Level 1.7 Throwing
 + Level 5.0 Armour
 - Level 0.8 Dodging
 - Level 3.6 Stealth
 - Level 5.0 Shields
 - Level 10.0 Unarmed Combat
 - Level 5.0 Evocations


You had 8 spell levels left.
You didn't know any spells.
Your spell library contained the following spells:

 Spells                   Type           Power      Damage    Failure   Level
 Sandblast                Erth           0%         2d4       100%        1
 Passwall                 Tmut/Erth      0%         N/A       100%        2
 Vhi's Electric Charge    Tloc/Air       0%         N/A       100%        3
 Static Discharge         Conj/Air       Unusable   2-2/arc   N/A         2
 Stone Arrow              Conj/Erth      Unusable   3d7       N/A         3
 Arcjolt                  Conj/Air       Unusable   1d10      N/A         5
 Lightning Bolt           Conj/Air       Unusable   1d11      N/A         5

Dungeon Overview and Level Annotations

Branches:
Dungeon (8/15)             Temple (1/1) D:7            Lair (0/5) D:8
Ossuary (visited)

Altars:
Cheibriados
Okawaru
Ru
Trog

Shops:
D:2 !!?*   D:6 =   D:7 [

Annotations:
D:8 Erica


Innate Abilities, Weirdness & Mutations

You have hoof-like feet.
You are mostly covered in yellow scales. (AC +3)
A weak demonic guardian rushes to your aid.
You may rarely emit foul miasma when damaged in melee.
You cannot study or cast Conjurations magic.
You cannot study or cast Fire magic.
You cannot study or cast Hexes magic.
You are somewhat inexperienced. (-1 XL)


Message History

Something tries to affect you, but you resist.
You miss something. Something hits you. Something burns you.
You barely miss something. Your kick misses something. You hit something.
Your kick misses something. You block something's attack.
Something hits you but does no damage.
You closely miss something. Your kick misses something. Something hits you!
* * * LOW HITPOINT WARNING * * *
You miss something. Your kick misses something.
You hear some strange, mumbled words.
A bolt of poison appears from out of thin air!
The bolt of poison hits you!
You are poisoned.
* * * LOW HITPOINT WARNING * * *
A demonic guardian appears!
You feel better. Something hits you but does no damage.
You hear some strange, mumbled words.
You feel as though you will be slow longer.
You are restored by drawing out deep reserves of power within.
You feel drained. Something hits you! Something burns you.
* * * LOW HITPOINT WARNING * * *
Unknown command.
Aiming: Corrosive Bolt
Press: ? - help, Shift-Dir - straight line Something hits you.
* * * LOW HITPOINT WARNING * * *
Unknown command.
You punch something! Your kick misses something.
You hear a zap.
Something tries to affect you, but you resist.
You hear some strange, mumbled words.
You feel yourself slow down.
You miss something. You kick something.
You hear some strange, mumbled words.
You feel as though you will be slow longer.
You punch something! You kick something.
You hear some strange, mumbled words.
A bolt of poison appears from out of thin air!
The bolt of poison hits you!!
You are poisoned.
You die...

#........>..##......# .
#...##.......#......#
.##...##.......'......#
......##########......#
....h.##.>...)##.<....#
###...........))(.....#
.##...........##......#
.'o...........##{5....#
.#....##......##@.....#
.#######......##......#
.# ##.......#......# ##
#.......####+####
#.......##......#
#...............#
##......##......#
#......##......#
#..<...##......#


You could see a friendly ufetubus (summoned).

Vanquished Creatures
  Pikel (D:6)
  A cyclops (D:6)
  Maggie (D:7)
  Sigmund (D:2)
  2 wyverns
  A steam dragon (D:7)
  2 black bears
  An orc warrior (D:7)
  A sky beast (D:7)
  An ice beast (D:6)
  A hornet zombie (Ossuary)
  A centaur (D:8)
  An ogre (D:5)
  A phantom (D:3)
  Blork the orc (D:5)
  A bullfrog (D:7)
  2 gnoll sergeants (D:7)
  3 scorpions
  4 necrophages
  2 water moccasin zombies (Ossuary)
  14 killer bees
  A howler monkey (D:8)
  2 electric eels (D:7)
  2 centaur zombies (Ossuary)
  8 bullfrog zombies (Ossuary)
  2 jellies
  3 hounds
  3 orc priests
  16 mummies (Ossuary)
  4 orc wizards
  7 killer bee zombies (Ossuary)
  A howler monkey zombie (Ossuary)
  Robin (D:2)
  9 gnolls
  10 adders
  2 shadow imps
  2 white imps (D:5)
  2 ufetubi
  2 dart slugs
  33 orcs
  6 ball pythons
  8 endoplasms
  3 giant cockroaches
  13 goblins
  7 hobgoblins
  3 jackals (D:1)
  6 kobolds
  5 quokkas
  4 bats
  2 frilled lizards
  5 rats
  2 rat zombies (D:6)
217 creatures vanquished.

Vanquished Creatures (collateral kills)
  A killer bee (D:6)
1 creature vanquished.

Vanquished Creatures (others)
  A withered plant (Ossuary)
1 creature vanquished.

Grand Total: 219 creatures vanquished

Notes
Turn   | Place    | Note
-------+----------+-------------------------------------------
     0 | D:1      | Midn8 the Demonspawn Brigand began the quest for the Orb.
     0 | D:1      | Reached XP level 1. HP: 16/16 MP: 1/1
   133 | D:1      | Reached skill level 1 in Unarmed Combat
   298 | D:1      | Gained mutation: You are partially covered in yellow
                  | scales. (AC +2) [demonic ancestry]
   298 | D:1      | Reached XP level 2. HP: 13/22 MP: 2/2
   628 | D:1      | Reached skill level 2 in Unarmed Combat
  1238 | D:2      | Gained mutation: You may rarely emit foul miasma when
                  | damaged in melee. [demonic ancestry]
  1238 | D:2      | Reached XP level 3. HP: 27/27 MP: 3/3
  1334 | D:2      | Found Omeixugy's Distillery.
  1389 | D:2      | Bought a potion of lignification for 39 gold pieces
  1411 | D:2      | Found Cuvouthe's Distillery.
  1441 | D:2      | Noticed Robin
  1538 | D:2      | Found Zyaratar's Assorted Antiques.
  1592 | D:2      | Found Impafayg's Magic Scroll Shop.
  1621 | D:2      | Noticed Sigmund
  1629 | D:2      | Reached skill level 3 in Unarmed Combat
  1700 | D:2      | Killed Sigmund
  1701 | D:2      | Reached skill level 4 in Unarmed Combat
  1701 | D:2      | Gained mutation: You have large cloven feet. [demonic
                  | ancestry]
  1701 | D:2      | Reached XP level 4. HP: 33/33 MP: 4/4
  1701 | D:2      | Gained mutation: A weak demonic guardian rushes to your
                  | aid. [demonic ancestry]
  1701 | D:2      | Reached XP level 5. HP: 38/38 MP: 5/5
  1725 | D:2      | Bought a scroll of identify for 20 gold pieces
  1864 | D:2      | Reached skill level 5 in Unarmed Combat
  1889 | D:2      | Killed Robin
  2147 | D:3      | Gained mutation: You have hoof-like feet. [demonic
                  | ancestry]
  2147 | D:3      | Reached XP level 6. HP: 27/44 MP: 6/6
  2683 | D:3      | Found a bloodstained altar of Trog.
  2690 | D:3      | Found a sacrificial altar of Ru.
  2704 | D:3      | Became a worshipper of Ru the Awakened
  2776 | D:3      | Reached skill level 6 in Unarmed Combat
  2837 | D:4      | Reached XP level 7. HP: 52/53 MP: 7/7
  2885 | D:4      | Reached skill level 1 in Armour
  4003 | D:5      | Entered Level 5 of the Dungeon
  4080 | D:5      | Noticed a wyvern
  4086 | D:5      | Killed a wyvern
  4295 | D:5      | Gained mutation: You are somewhat inexperienced. (-1 XL)
                  | [Ru sacrifice]
  4295 | D:5      | Reached XP level 6. HP: 48/48 MP: 6/6
  4295 | D:5      | Reached * piety under Ru
  4295 | D:5      | Reached ** piety under Ru
  4455 | D:5      | Reached XP level 7. HP: 49/54 MP: 7/7
  4572 | D:5      | Noticed Blork the orc
  4586 | D:5      | Killed Blork the orc
  4661 | D:5      | Reached skill level 5 in Evocations
  5424 | D:6      | Found a sand-covered staircase.
  5439 | Ossuary  | Entered an ossuary
  5530 | Ossuary  | Reached skill level 7 in Unarmed Combat
  5626 | Ossuary  | Gained mutation: You are mostly covered in yellow scales.
                  | (AC +3) [demonic ancestry]
  5626 | Ossuary  | Reached XP level 8. HP: 42/61 MP: 8/8
  5630 | Ossuary  | Reached skill level 5 in Fighting
  6139 | D:6      | Identified a scroll of acquirement
  6139 | D:6      | Acquired the +4 kite shield of Indestructible Fun {rF+
                  | MP+9}
  6267 | D:6      | Reached skill level 8 in Unarmed Combat
  6382 | D:6      | Reached skill level 1 in Shields
  6390 | D:6      | Noticed Pikel
  6750 | D:6      | Killed Pikel
  6753 | D:6      | Found Hufye's Jewellery Emporium.
  6942 | D:6      | Noticed a cyclops
  6953 | D:6      | Killed a cyclops
  6954 | D:6      | Reached skill level 9 in Unarmed Combat
  7203 | D:7      | Found Cheibriados's Comfort Zone.
  7203 | D:7      | Found a snail-covered altar of Cheibriados.
  7220 | D:7      | Found an iron altar of Okawaru.
  7235 | D:7      | Reached XP level 9. HP: 57/69 MP: 9/9
  7319 | D:7      | Gained mutation: You cannot study or cast Fire magic. [Ru
                  | sacrifice]
  7319 | D:7      | Gained mutation: You cannot study or cast Hexes magic. [Ru
                  | sacrifice]
  7319 | D:7      | Gained mutation: You cannot study or cast Conjurations
                  | magic. [Ru sacrifice]
  7319 | D:7      | Reached *** piety under Ru
  7377 | D:7      | Found a staircase to the Ecumenical Temple.
  7542 | D:7      | Noticed Maggie
  7549 | Temple   | Entered the Ecumenical Temple
  7630 | D:7      | Killed Maggie
  8171 | D:7      | Reached skill level 10 in Unarmed Combat
  8505 | D:8      | Reached skill level 5 in Shields
  8577 | D:8      | Found a staircase to the Lair.
  8676 | D:8      | Noticed Erica
  8805 | D:8      | Paralysed by Erica for 5 turns
  8814 | D:8      | Reached skill level 5 in Armour
  8814 | D:8      | Paralysed by something for 3 turns
  8822 | D:8      | Paralysed by something for 3 turns
  8837 | D:8      | HP: 1/65 [something/bolt of poison (16)]
  8843 | D:8      | Killed from afar by Erica

Illustrated notes

Levels and vault maps discovered:
D:1:      ncdulo_smallfort, layout_basic, minmay_door_square,
          chequers_hall_statues_y
D:2:      layout_basic, serial_shops,
          nicolae_shop_temple_entry_statues_fountains, shop_fountains,
          nicolae_shop_waterfront, shop, uniq_sigmund, uniq_robin
D:3:      layout_basic, minitemple
D:4:      layout_loops_corners, kennysheep_minor_cross, minmay_misc_feat_five,
          eino_small_chamber_without_monster
D:5:      minmay_angry_zag, layout_basic, mainiacjoe_overflow_tiny_flanked,
          uniq_blork_the_orc
D:6:      layout_basic, mainiacjoe_overflow_boulevard, serial_shops,
          nicolae_shop_statue_plus, enter_ossuary_4, uniq_pikel
D:7:      layout_gridville, okawaru_gym_becter, minmay_temple_entry_mini_moons,
          minmay_shop_chei, lightli_minifort, uniq_maggie
D:8:      layout_gridville, mainiacjoe_overflow_small_starburst,
          lair_entry_dummy, minivault_21, st_stairs_1, solitary_fountain,
          uniq_erica
Temple:   oiseaux_autumnal_temple

Skill      XL: |  1  2  3  4  5  6  7  8  9 |
---------------+----------------------------+-----
Unarmed Combat | 1 2 4 5 6 7 9 10 | 10.0
Fighting       | 3 4 6 |  6.0
Armour         | 4 5 |  5.0
Evocations     | 5 |  5.0
Shields        | 3 5 |  5.0
Short Blades   | |  1.7
Throwing       | |  1.7
Dodging        | |  0.8
Stealth        | |  3.6

Action                   |  1- 3 |  4- 6 |  7- 9 || total
-------------------------+-------+-------+-------++-------
Melee: Dagger            |   125 |    98 |       ||   223
       Short sword       |     3 |       |       ||     3
       Kick              |       |    37 |   196 ||   233
       Punch             |       |     2 |     4 ||     6
       Unarmed           |       |    16 |   651 ||   667
Throw: Dart              |     3 |       |     7 ||    10
Invok: Sacrifice Experie |       |     1 |       ||     1
       Draw Out Power    |       |       |     2 ||     2
       Sacrifice Arcana  |       |       |     1 ||     1
Evoke: Wand              |       |       |     1 ||     1
  Use: Scroll            |       |       |    15 ||    15
       Potion            |       |       |     3 ||     3
 Stab: Sleeping          |     2 |     3 |       ||     5
       Distracted        |       |       |     1 ||     1
       Invisible         |       |       |     2 ||     2
Armor: Leather armour    |    43 |    21 |       ||    64
       Scale mail        |       |    27 |   239 ||   266
       Chain mail        |       |       |    43 ||    43
Dodge: Dodged            |    67 |    49 |   191 ||   307
Block: Buckler           |       |       |    46 ||    46
       Kite shield       |       |       |   179 ||   179

Table legend: (Time is in decaauts)
 A = Elapsed time spent in this place.
 B = Non-inter-level travel time spent in this place.
 C = Inter-level travel time spent in this place.
 D = Time resting spent in this place.
 E = Time spent auto-exploring this place.
 F = Levels seen in this place.
 G = Mean time per level.
                   A        B        C        D        E       F      G
               +--------+--------+--------+--------+--------+-----+--------+
         Total |   8850 |   8523 |    327 |   2150 |   4340 |  10 |  885.0 |
       Dungeon |   8074 |   7747 |    327 |   1799 |   4229 |   8 | 1009.2 |
        Temple |     57 |     57 |      0 |     53 |      0 |   1 |   57.0 |
       Ossuary |    719 |    719 |      0 |    298 |    110 |   1 |  719.0 |
               +--------+--------+--------+--------+--------+-----+--------+

Top non-repeatable levels by time:
     D:4: 1351 daAuts
     D:1: 1326 daAuts
     D:5: 1275 daAuts
     D:7: 1180 daAuts
     D:6: 1159 daAuts
     D:2: 814 daAuts
 Ossuary: 719 daAuts
     D:3: 626 daAuts
     D:8: 338 daAuts
  Temple: 57 daAuts
